 Dungeon Crawl Stone Soup version 0.30.1-9-gdf580d7c3d (webtiles) character file.

Game seed: 10370459429618002894

996 Djon the Slasher (level 7, -2/61 HPs)
             Began as a Minotaur Gladiator on Oct 15, 2023.
             Was a Priest of Zin.
             Shot with an arrow by a centaur (4 damage)
             ... on level 6 of the Dungeon.
             The game lasted 00:08:05 (5085 turns).

Djon the Slasher (Minotaur Gladiator)               Turns: 5085, Time: 00:08:06

Health: -2/61      AC: 12    Str: 24    XL:     7   Next: 99%
Magic:  6/6        EV: 11    Int:  5    God:    Zin [***...]
Gold:   234        SH:  0    Dex: 14    Spells: 6/6 levels left

rFire   . . .        n - +3 triple sword (holy)
rCold   + . .        (shield currently unavailable)
rNeg    . . .        k - +0 chain mail
rPois   .            c - +0 hat
rElec   .            s - +0 cloak
rCorr   .            B - +0 pair of gloves
SInv    .            (no boots)
Will    .....        (no amulet) Stlth
                     m - +6 ring of strength
HPRegen 0.30/turn    A - ring of protection from cold
MPRegen 0.10/turn

%: no passive effects
@: mighty, on recite cooldown, mesmerised
A: horns 2, retaliatory headbutt
a: Renounce Religion, Recite, Vitalisation, Imprison, Donate Gold


You were on level 6 of the Dungeon.
You worshipped Zin.
Zin was most pleased with you.
You visited 1 branch of the dungeon, and saw 6 of its levels.
You also visited: Sewer.

You collected 260 gold pieces.
You donated 26 gold pieces to Zin.

Inventory:

Hand Weapons
 a - a +1 long sword
 n - a +3 triple sword of holy wrath (weapon)
Missiles
 d - 5 throwing nets (quivered)
 e - a javelin
 y - 3 curare-tipped darts
Armour
 c - a +0 hat (worn)
 k - a +0 chain mail (worn)
 s - a +0 cloak (worn)
 B - a +0 pair of gloves (worn)
Jewellery
 g - a +6 ring of dexterity
 i - a ring of magical power
 m - a +6 ring of strength (left hand)
 A - a ring of protection from cold (right hand)
Scrolls
 b - a scroll of amnesia
 f - a scroll of summoning
 o - a scroll of vulnerability
 t - a scroll of teleportation
 u - 2 scrolls of enchant armour
 w - a scroll of immolation
 z - 2 scrolls of blinking
 E - 3 scrolls of poison {unknown}
 F - a scroll of fog
Potions
 h - 2 potions of brilliance {unknown}
 j - a potion of magic {unknown}
 l - a potion of cancellation {unknown}
 p - 2 potions of attraction
 q - 2 potions of lignification
 r - 2 potions of heal wounds {unknown}
 x - 4 potions of mutation {unknown}
 C - a potion of flight {unknown}


   Skills:
 + Level 5.4 Fighting
 * Level 7.9 Long Blades
 - Level 2.0 Throwing
 + Level 4.6 Armour
 + Level 5.5 Dodging


You had 6 spell levels left.
You didn't know any spells.
Your spell library contained the following spells:

 Spells                   Type           Power      Damage    Failure   Level
 Shock                    Conj/Air       0%         1d3       96%         1
 Ensorcelled Hibernation  Hex/Ice        0%         N/A       99%         2
 Spider Form              Tmut/Pois      0%         N/A       100%        3
 Swiftness                Air            0%         N/A       100%        3
 Airstrike                Air            0%         2d(0-16)  100%        4
 Anguish                  Hex/Necr       0%         N/A       100%        4


Dungeon Overview and Level Annotations

Branches:
Dungeon (6/15)              Sewer (visited)
 Temple: D:4-7

Altars:
Cheibriados
Elyvilon
Fedhas
Makhleb
Okawaru
Zin

Portals:
Abyss: D:4

Annotations:
D:4 2 transporters, PersonalAccount02's ghost, weakling DrCK
D:6 Maggie


Innate Abilities, Weirdness & Mutations

You have a pair of horns on your head.
You reflexively headbutt those who attack you in melee.


Message History

You hear a shout!
Maggie gestures wildly while chanting.
Maggie attempts to bespell you! You resist.
A centaur comes into view. "...not to stray from obedience, lest..."
The centaur shouts!
The centaur wields a +0 shortbow.
The centaur shoots an arrow.
The arrow closely misses you. Maggie casts a spell at you.
The bolt of fire hits you!! "...they become as damned as the servants of Hell."
You finish reciting Anathema 18:56.
The centaur shoots an arrow.
The arrow barely misses you.
The centaur shoots an arrow.
The arrow hits you. Maggie hits you with a +0 broad axe.
The centaur shoots an arrow.
The arrow hits you!
Maggie gestures wildly while chanting.
Maggie attempts to bespell you!
You are mesmerised by Maggie!
You cannot move away from Maggie!
Unknown command.
You cannot move away from Maggie!
You feel very mighty all of a sudden.
The centaur shoots an arrow.
The arrow barely misses you.
The centaur shoots an arrow.
The arrow hits you but does no damage.
Maggie says, "How do the people who live here stand the isolation?"
You slash Maggie! Your headbutt misses Maggie.
Maggie is moderately wounded.
The centaur shoots an arrow.
The arrow hits you.
The centaur shoots an arrow.
The arrow hits you!
* * * LOW HITPOINT WARNING * * *
Maggie misses you. You furiously retaliate!
You headbutt Maggie. You slice Maggie!! Your headbutt misses Maggie.
Maggie is severely wounded.
The centaur shoots an arrow.
The arrow hits you.
* * * LOW HITPOINT WARNING * * *
Maggie hits you with a +0 broad axe.
* * * LOW HITPOINT WARNING * * *
The centaur shoots an arrow.
The arrow hits you.
You die...

#.# #.$
#.# ##.#
###..##
#.....#
#.....#
#.<...+
#..@@.#
#...?.#
#...)..#
#......#
#......#
........#
.........#
.......c..


You could see Maggie (mesmerising) and a centaur.

Vanquished Creatures
  2 water moccasins (D:5)
  An ogre (D:5)
  The ghost of KittyFluff the Cudgeller, an amateur GrBe of Trog (D:3)
  2 kobold brigands
  A necrophage (D:5)
  4 orc priests
  2 orc wizards
  2 iguanas (D:5)
  A hound skeleton (D:5)
  7 adders
  A river rat (Sewer)
  A shadow imp (D:5)
  An ufetubus (D:5)
  2 worms
  A dart slug (D:1)
  12 orcs
  4 bats
  10 endoplasms
  4 giant cockroaches
  7 hobgoblins
  6 jackals
  14 kobolds
  A quokka (D:4)
  8 ball pythons
  4 frilled lizards
  4 goblins
  11 rats
114 creatures vanquished.

Vanquished Creatures (collateral kills)
  A rat (D:5)
1 creature vanquished.

Grand Total: 115 creatures vanquished

Notes
Turn   | Place    | Note
-------+----------+-------------------------------------------
     0 | D:1      | Djon the Minotaur Gladiator began the quest for the Orb.
     0 | D:1      | Reached XP level 1. HP: 18/18 MP: 0/0
   143 | D:1      | Reached XP level 2. HP: 25/25 MP: 1/1
   151 | D:1      | Reached skill level 4 in Long Blades
   233 | D:1      | Reached skill level 1 in Armour
   971 | D:2      | Reached XP level 3. HP: 30/30 MP: 2/2
  1262 | D:2      | Found a snail-covered altar of Cheibriados.
  1549 | D:2      | Found a faded altar of an unknown god.
  1556 | D:2      | Prayed at the altar of an unknown god.
  1556 | D:2      | Became a worshipper of Zin the Law-Giver
  1556 | D:2      | Reached * piety under Zin
  1556 | D:2      | Reached ** piety under Zin
  1746 | D:3      | Reached XP level 4. HP: 9/38 MP: 1/3
  1938 | D:3      | Found a transporter.
  1951 | D:3      | Noticed KittyFluff's ghost (amateur GrBe)
  1963 | D:3      | Found a transporter.
  1990 | D:3      | Killed KittyFluff's ghost
  1991 | D:3      | Reached skill level 5 in Long Blades
  1991 | D:3      | Reached XP level 5. HP: 34/45 MP: 4/4
  2616 | D:3      | Reached *** piety under Zin
  2844 | D:4      | Found a blossoming altar of Fedhas.
  3249 | D:4      | Found a transporter.
  3276 | D:4      | Found a one-way gate to the infinite horrors of the Abyss.
  3276 | D:4      | Noticed PersonalAccount02's ghost (weakling DrCK)
  3287 | D:4      | Found a transporter.
  3287 | D:4      | Noticed an ancient zyme
  3311 | D:4      | Noticed a small abomination
  3317 | D:4      | Noticed a small abomination
  3562 | D:5      | Entered Level 5 of the Dungeon
  3586 | D:5      | Reached skill level 6 in Long Blades
  3586 | D:5      | Reached XP level 6. HP: 51/52 MP: 5/5
  3711 | D:5      | HP: 2/52 [orc priest/nerve-wracking pain (4)]
  4151 | D:5      | Noticed a water moccasin
  4158 | D:5      | Killed a water moccasin
  4168 | D:5      | Found a glowing drain.
  4173 | Sewer    | Entered a sewer
  4225 | Sewer    | Reached XP level 7. HP: 60/60 MP: 6/6
  4272 | Sewer    | Reached skill level 5 in Dodging
  4408 | Sewer    | Reached skill level 7 in Long Blades
  4516 | D:5      | Identified a scroll of acquirement
  4517 | D:5      | Acquired a +3 triple sword of holy wrath
  4602 | D:5      | Reached skill level 5 in Fighting
  4635 | D:5      | Found a burning altar of Makhleb.
  4721 | D:5      | Found an iron altar of Okawaru.
  4725 | D:5      | Found a white marble altar of Elyvilon.
  4728 | D:5      | Found a glowing silver altar of Zin.
  5078 | D:6      | Noticed Maggie
  5085 | D:6      | HP: 2/61 [Maggie/+0 broad axe (4)]
  5085 | D:6      | Shot with an arrow by a centaur

Illustrated notes

Levels and vault maps discovered:
D:1:      dpeg_arrival_simpleton_b, layout_loops_ring, grunt_decor_junction,
          minmay_heptomino_o4
D:2:      layout_basic, basic_altar, dilly_ecumenical_altar_fadedgnrine,
          hangedman_glass_teeth
D:3:      layout_basic, gammafunk_ghost_arena
D:4:      layout_basic, old_standard_altar, gammafunk_ghost_abyssal_escape
D:5:      layout_cave_pools, makhleb_blood_cavern_becter,
          minmay_overflow_temple_star_quad, gup_sewer_entry_bowl,
          minmay_misc_feat_roman, lexackson_kobold_supper
D:6:      layout_basic, minmay_temple_entry_crystal_x, uniq_maggie

Skill      XL: |  1  2  3  4  5  6  7 |
---------------+----------------------+-----
Long Blades    | 4 5 6 7 |  7.9
Armour         | 1 2 3 4 |  4.6
Fighting       | 3 4 5 |  5.4
Dodging        | 4 5 |  5.5
Throwing       | |  2.0

Action                     |  1- 3 |  4- 6 |  7- 9 || total
---------------------------+-------+-------+-------++-------
  Melee: Long sword        |    75 |   125 |    37 ||   237
         Headbutt          |    10 |    13 |    10 ||    33
         Punch             |     1 |     1 |     1 ||     3
         Triple sword      |       |       |    25 ||    25
 Invoke: Vitalisation      |     1 |     1 |       ||     2
         Recite            |       |       |     1 ||     1
    Use: Scroll            |       |    11 |     3 ||    14
         Potion            |       |       |     1 ||     1
 Armour: Leather armour    |     6 |       |       ||     6
         Chain mail        |    27 |    60 |    37 ||   124
  Dodge: Dodged            |    41 |    92 |    44 ||   177
